 Dungeon Crawl Stone Soup version 0.24.0-123-gd5b16e6ec5 (webtiles) character file.

Game seed: 15933090825005908684, levelgen mode: deterministic

24 AuftragZ the Charmwright (level 2, -2/25 HPs)
             Began as a Draconian Skald on Jan 28, 2020.
             Slain by a frilled lizard (3 damage)
             ... on level 1 of the Dungeon.
             The game lasted 00:03:13 (1098 turns).

AuftragZ the Charmwright (Draconian Skald)          Turns: 1098, Time: 00:03:13

Health: -2/25      AC:  4    Str: 13    XL:     2   Next: 79%
Magic:  4/5        EV: 12    Int: 13    God:
Gold:   30         SH:  0    Dex: 10    Spells: 2/5 levels left

rFire    . . .     SeeInvis .   b - +1 short sword (curse)
rCold    . . .     Gourm    .   (no shield)
rNeg     . . .     Faith    .   (armour unavailable)
rPois    .         Spirit   .   (helmet restricted)
rElec    .         Reflect  .   (no cloak)
rCorr    .         Harm     .   (no gloves)
MR       .....                  (no boots)
Stlth    +.........             (no amulet)
HPRegen  0.08/turn              (no ring)
MPRegen  0.09/turn              (no ring)

@: singing
A: unfitting armour, cold-blooded, AC +4
a: no special abilities


You were on level 1 of the Dungeon.
You were hungry.

You visited 1 branch of the dungeon, and saw 1 of its levels.

You collected 30 gold pieces.

Inventory:

Hand Weapons
 a - a +0 hand axe
 b - a cursed +1 short sword (weapon)
Missiles
 j - 7 curare-tipped darts (quivered)
Scrolls
 d - 2 scrolls of teleportation
 i - a scroll of blinking
Potions
 e - a potion of curing {unknown}
 h - a potion of lignification {unknown}
Comestibles
 c - 4 rations


   Skills:
 + Level 2.3 Fighting
 + Level 2.2 Axes
 + Level 2.4 Dodging
 + Level 2.1 Spellcasting
 + Level 3.2 Charms


You had 2 spell levels left.
You knew the following spells:

 Your Spells              Type           Power        Failure   Level  Hunger
a - Infusion              Chrm           #...         7%          1    ##.....
b - Song of Slaying       Chrm           #.......     10%         2    ###....

Your spell library contained the following spells:

 Spells                   Type           Power        Failure   Level  Hunger
 Shroud of Golubria       Chrm/Tloc      #.....       21%         2    ###....
 Regeneration             Chrm/Necr      #.........   36%         3    ####...
 Spectral Weapon          Hex/Chrm       #.......     36%         3    ####...


Dungeon Overview and Level Annotations

Branches:
Dungeon (1/15)

Altars:


Innate Abilities, Weirdness & Mutations

Your plain brown scales are hard. (AC +4)
You cannot fit into any form of body armour.
You are cold-blooded and may be slowed by cold attacks.


Message History

The jackal is severely wounded.
The bat hits you but does no damage. The jackal completely misses you.
The jackal bites you but does no damage. x2
The frilled lizard bites you.
You hit the jackal.
You kill the jackal!
The bat hits you.
* * * LOW HITPOINT WARNING * * *
The jackal closely misses you. The jackal bites you.
* * * LOW HITPOINT WARNING * * *
The jackal bites you.
* * * LOW HITPOINT WARNING * * *
The jackal misses you.
The frilled lizard bites you but does no damage.
You barely miss the jackal. The bat hits you.
* * * LOW HITPOINT WARNING * * *
The jackal closely misses you. The jackal bites you.
* * * LOW HITPOINT WARNING * * *
The frilled lizard bites you.
You die...

#........####
#.).#.##.
#........'..#
###.#.##.
#......(.##'####
#...##.
#........#.....#
#####..###.
#........#.....+
.........##.
##########.)...#
#######..##.
#.....# #..##.
#...hb# #.....
#..†@.# #..##.
#..lh.# ##.##.
#.....# #..#.
.......# ###.#.
......####
#..... ......
#.#... ......
#..> ...... #...
###(


You could see 2 jackals, a bat and a frilled lizard.

Vanquished Creatures
  A dart slug (D:1)
  3 bats (D:1)
  2 goblins (D:1)
  6 hobgoblins (D:1)
  2 jackals (D:1)
  3 kobolds (D:1)
17 creatures vanquished.

Notes
Turn   | Place    | Note
-------+----------+-------------------------------------------
     0 | D:1      | AuftragZ the Draconian Skald began the quest for the Orb.
     0 | D:1      | Reached XP level 1. HP: 17/17 MP: 3/3
   427 | D:1      | Reached XP level 2. HP: 11/24 MP: 5/5
   439 | D:1      | Reached skill level 3 in Charms
   854 | D:1      | Learned a level 2 spell: Song of Slaying
  1098 | D:1      | HP: 1/25 [jackal (2)]
  1098 | D:1      | Slain by a frilled lizard

Levels and vault maps discovered:
D:1:      wander_arrival_lonely_grave, layout_basic

Skill      XL: |  1  2 |
---------------+-------+-----
Charms         | 3 |  3.2
Fighting       | |  2.3
Axes           | |  2.2
Dodging        | |  2.4
Spellcasting   | |  2.1

Action                   || total
-------------------------++-------
Melee: Hand axe          ||    48
       Tailslap          ||     5
       Short sword       ||    21
 Cast: Song of Slaying   ||     1
  Use: Scroll            ||     4
       Potion            ||     1
Armor: Skin              ||    41
Dodge: Dodged            ||   104
